 Dungeon Crawl Stone Soup version 0.21-a0-504-g2eda330 (webtiles) character file.

166 kae the Ruffian (level 5, -14/53 HPs)
             Began as a Troll Monk on Nov 26, 2017.
             Demolished by Crazy Yiuf
             ... wielding a +3 quarterstaff of chaos
              (18 damage)
             ... on level 2 of the Dungeon.
             The game lasted 00:02:19 (1611 turns).

kae the Ruffian (Troll Monk)                        Turns: 1611, Time: 00:02:20

Health: -14/53     AC:  6    Str: 24    XL:     5   Next: 22%
Magic:  4/4        EV: 11    Int: 11    God:
Gold:   109        SH:  0    Dex: 13    Spells: 4/4 levels left

rFire    + . .     SeeInvis .     - Unarmed
rCold    x . .     Gourm    +   (no shield)
rNeg     . . .     Faith    .   a - +1 robe
rPois    .         Spirit   .   (helmet restricted)
rElec    .         Reflect  .   (no cloak)
rCorr    .         Harm     .   (gloves unavailable)
MR       .....                  (boots unavailable)
Stlth    ++........             (no amulet)
HPRegen  0.57/turn              d - ring of fire
MPRegen  0.09/turn              (no ring)

@: mighty, brilliant, lethally poisoned (-14 -> -15)
A: large, unfitting armour, claws 3, fast metabolism 3, gourmand, regeneration
1, shaggy fur 1, tough skin 2
a: no special abilities


You were on level 2 of the Dungeon.
You were full.

You visited 1 branch of the dungeon, and saw 2 of its levels.

You collected 109 gold pieces.

Inventory:

Armour
 a - a +1 robe (worn)
Jewellery
 d - a ring of fire (left claw)
 j - an uncursed ring of wizardry {unknown}
Scrolls
 e - a scroll of magic mapping {unknown}
 g - a scroll of noise {unknown}
 k - 2 scrolls of identify {unknown}
 m - a scroll of remove curse
 n - 2 scrolls of teleportation
 o - a scroll of enchant weapon
Potions
 c - a potion of brilliance
 f - a potion of might
 h - a potion of agility {unknown}
 l - a potion of heal wounds {unknown}
 p - 2 potions of ambrosia {unknown}
Comestibles
 b - 4 bread rations
 i - 2 fruits


   Skills:
 + Level 3.2 Fighting
 + Level 3.2 Dodging
 - Level 1.0 Stealth
 * Level 4.7 Unarmed Combat


You had 4 spell levels left.
You didn't know any spells.

Dungeon Overview and Level Annotations

Branches:
Dungeon (2/15)

Altars:

Annotations:
D:2 Crazy Yiuf


Innate Abilities, Weirdness & Mutations

You are too large for most types of armour.
You have claws for hands.
Your metabolism is lightning-fast.
You like to eat raw meat.
Your natural rate of healing is unusually fast.
You are covered in fur. (AC +1)
You have very tough skin. (AC +2)


Message History

You scratch Crazy Yiuf.
Crazy Yiuf is moderately wounded.
You feel sick.
Crazy Yiuf hits you with a quarterstaff of chaos.
It was a potion of brilliance.
You feel clever all of a sudden.
You feel sick.
Crazy Yiuf hits you with a quarterstaff of chaos!
* * * LOW HITPOINT WARNING * * *
Crazy Yiuf burns you.
* * * LOW HITPOINT WARNING * * *
You feel sick.
You feel sick.
It was a potion of might.
You feel very mighty all of a sudden.
Crazy Yiuf says, "Shadow!
Ghoul testudinal hand."
Crazy Yiuf hits you with a quarterstaff of chaos!
* * * LOW HITPOINT WARNING * * *
You are electrocuted!
You die...

#.# ##.## #.# #.# #.#.#
#.# ##### ### ##### #<#
##...## #.### #.###.#
#...# ..# #.#######
#### #....
#.###....'..## ###..)#
#..#.
##...##......####g'...#
#....
##.###.......#.@##...#
##.#. #.# #..+...#.###
#### #### #... #.#
########## #..# ##.#
##.###### #..# #..
#.......##### ####<.#
#.# #..#####....##
#.##.## #.# #..#
#.>...##### ##.##.##
#.# #..#
#.........###......#
#.# #..#
#.....###.##.....#.#
#.#


You could see Crazy Yiuf.

Vanquished Creatures
  A phantom (D:2)
  3 gnolls
  2 adders
  A worm (D:2)
  3 dart slugs
  2 leopard geckos (D:2)
  A giant cockroach (D:2)
  3 goblins
  A hobgoblin (D:2)
  2 kobolds (D:1)
  6 bats
  3 frilled lizards
  3 rats
31 creatures vanquished.

Notes
Turn   | Place    | Note
-------+----------+-------------------------------------------
     0 | D:1      | kae the Troll Monk began the quest for the Orb.
     0 | D:1      | Reached XP level 1. HP: 22/22 MP: 0/0
   242 | D:1      | Reached XP level 2. HP: 24/29 MP: 1/1
   755 | D:2      | Reached XP level 3. HP: 33/36 MP: 2/2
  1025 | D:2      | Reached skill level 4 in Unarmed Combat
  1027 | D:2      | Reached XP level 4. HP: 27/44 MP: 3/3
  1396 | D:2      | Found a runed door.
  1447 | D:2      | Noticed a phantom
  1468 | D:2      | Killed a phantom
  1468 | D:2      | Reached XP level 5. HP: 41/53 MP: 4/4
  1599 | D:2      | Noticed Crazy Yiuf
  1611 | D:2      | Demolished by Crazy Yiuf

Vault maps used:
D:1:      dpeg_arrival_triangle_fractal
D:2:      first_bread, serial_glass, glass_columns_a, glass_columns_a,
          feat_on_display, feat_on_display, minmay_strange_pillars,
          minmay_strange_pillars, kennysheep_nondescript,
          uniq_crazy_yiuf_cottage

Skill      XL: |  1  2  3  4 |
---------------+-------------+-----
Unarmed Combat | 4 |  4.7
Dodging        | 3 |  3.2
Fighting       | 3 |  3.2
Stealth        | |  1.0

Action                   |  1- 3 |  4- 6 || total
-------------------------+-------+-------++-------
Melee: Unarmed           |    63 |    32 ||    95
  Use: Scroll            |     6 |       ||     6
       Potion            |       |     2 ||     2
 Stab: Sleeping          |     1 |     2 ||     3
  Eat: Chunk             |    15 |     1 ||    16
Armor: Robe              |    31 |     4 ||    35
Dodge: Dodged            |    74 |     9 ||    83

Table legend:
 A = Spawn XP
 B = Non-spawn XP
 C = Spawn XP percentage of total XP
 D = Spawn monster count
 E = Non-spawn monster count
 F = Spawn count percentage of total count
 G = Total turns spent on level
                    A         B        C        D         E        F      G
               +---------+---------+-------+---------+---------+-------+---------
         Total |       0 |     238 |   0.0 |       0 |      31 |   0.0 |  1611
               +---------+---------+-------+---------+---------+-------+---------
           D:1 |       0 |      50 |   0.0 |       0 |      15 |   0.0 |   814
           D:2 |       0 |     188 |   0.0 |       0 |      16 |   0.0 |   797
               +---------+---------+-------+---------+---------+-------+---------
